[ AOE2 MATCH · #500392131 ]
UnrankedByzantines vs Khmer
[ REPLAY ANALYSIS · EXTRACTED FROM THE RECORDED GAME ]
Feudal
11:20
Castle
14:58
Imperial
32:07
| APM avg | 20.8 |
| APM peak | 63 |
| eAPM avg | 12.2 |
| Villagers / military | 134 / 100 |
Focus
⚔️ 29.5% · 🌾 70.5%
Cataphract ×100 · Trade Cart ×13
Feudal
10:23
Castle
15:35
Imperial
33:07
| APM avg | 30.6 |
| APM peak | 101 |
| eAPM avg | 17.7 |
| Villagers / military | 119 / 226 |
Focus
⚔️ 24.9% · 🌾 75.1%
Spearman ×99 · Scout Cavalry ×50 · Scorpion ×48 · Knight ×15 · Monk ×6 · Trebuchet (Packed) ×3
Feudal
10:43
Castle
14:32
Imperial
35:25
| APM avg | 35.3 |
| APM peak | 119 |
| eAPM avg | 12.5 |
| Villagers / military | 127 / 171 |
Focus
⚔️ 25.2% · 🌾 74.8%
Archer ×98 · Skirmisher ×66 · Bombard Cannon ×5 · Battering Ram ×2 · Unknown (1105) ×1
Feudal
10:57
Castle
14:34
Imperial
28:59
| APM avg | 80.6 |
| APM peak | 152 |
| eAPM avg | 49.9 |
| Villagers / military | 182 / 159 |
Focus
⚔️ 59.0% · 🌾 41.0%
Longbowman ×137 · Trade Cart ×44 · Trebuchet (Packed) ×14 · Monk ×5 · Mangonel ×3
Feudal
11:19
Castle
14:55
Imperial
35:18
| APM avg | 24.3 |
| APM peak | 56 |
| eAPM avg | 15.8 |
| Villagers / military | 150 / 401 |
Focus
⚔️ 38.1% · 🌾 61.9%
Knight ×343 · Scout Cavalry ×38 · Cavalry Archer ×9 · Battering Ram ×6 · Monk ×4 · Mangonel ×1
Feudal
10:31
Castle
20:03
Imperial
—
| APM avg | 46.9 |
| APM peak | 100 |
| eAPM avg | 20.6 |
| Villagers / military | 169 / 229 |
Focus
⚔️ 28.3% · 🌾 71.7%
Knight ×135 · Camel Scout ×90 · Scout Cavalry ×4
Feudal
10:37
Castle
14:44
Imperial
30:30
| APM avg | 69.1 |
| APM peak | 181 |
| eAPM avg | 39.9 |
| Villagers / military | 282 / 149 |
Focus
⚔️ 18.7% · 🌾 81.3%
Mameluke ×99 · Skirmisher ×31 · Trebuchet (Packed) ×18 · Monk ×1
Feudal
11:08
Castle
14:38
Imperial
32:31
| APM avg | 27.8 |
| APM peak | 107 |
| eAPM avg | 16.9 |
| Villagers / military | 173 / 468 |
Focus
⚔️ 35.0% · 🌾 65.0%
Spearman ×365 · Huskarl ×103
Match map
Initial resources + every placement click. Lines = walls · curves = elevation contours. ◆ gold · ⬟ stone · ● berries · ✦ relic · ◌ wall gap
Your base· ✓ Closed at 14:58 · 0t walls · 2 gate(s)
TacoLgando's base· ✓ Closed at 15:35 · 0t walls · 2 gate(s)
nikhdy's base· ✓ Closed at 14:32 · 0t walls · 2 gate(s)
VIT | Hera's base· ✓ Closed at 14:34 · 0t walls · 2 gate(s)
Slayer's base· ✓ Closed at 14:55 · 0t walls · 2 gate(s)
Pegasus's base· ✓ Closed at 20:03 · 0t walls · 2 gate(s)
Hattori Hanzo's base· ✓ Closed at 14:44 · 2t walls · 3 gate(s)
Lord Snow's base· ✓ Closed at 14:38 · 0t walls · 3 gate(s)
Smoothed initial terrain · ◌ = detected wall gap · hover for details
Inputs per minute
— JJ23 - - TacoLgando
Build order — JJ23
First 150 of 389 actions detected
| 0:01 | Queue | Villager (Male) |
| 0:02 | Queue | Villager (Male) |
| 0:02 | Queue | Villager (Male) |
| 0:02 | Queue | Villager (Male) |
| 0:04 | Build | House |
| 0:06 | Build | House |
| 1:28 | Queue | Villager (Male) |
| 1:47 | Build | Lumber Camp |
| 2:02 | Queue | Villager (Male) |
| 2:31 | Queue | Villager (Male) |
| 2:55 | Queue | Villager (Male) |
| 3:26 | Queue | Villager (Male) |
| 3:30 | Build | House |
| 3:50 | Queue | Villager (Male) |
| 4:01 | Build | Mill |
| 4:24 | Queue | Villager (Male) |
| 4:26 | Queue | Villager (Male) |
| 5:15 | Queue | Villager (Male) |
| 5:15 | Queue | Villager (Male) |
| 5:16 | Queue | Villager (Male) |
| 5:32 | Build | House |
| 6:27 | Queue | Villager (Male) |
| 6:27 | Queue | Villager (Male) |
| 7:24 | Queue | Villager (Male) |
| 7:25 | Queue | Villager (Male) |
| 8:13 | Queue | Villager (Male) |
| 8:45 | Queue | Villager (Male) |
| 9:02 | Research | Feudal Age |
| 9:11 | Build | Mining Camp |
| 9:40 | Queue | Villager (Male) |
| 9:40 | Queue | Villager (Male) |
| 9:51 | Build | House |
| 11:20 | Age | Feudal Age |
| 11:27 | Build | Blacksmith |
| 11:31 | Build | Market |
| 12:18 | Research | Castle Age |
| 12:38 | Build | Mining Camp |
| 13:03 | Build | Farm |
| 13:08 | Build | Farm |
| 13:12 | Build | Farm |
| 13:18 | Build | Farm |
| 13:36 | Build | Farm |
| 14:58 | Age | Castle Age |
| 15:03 | Build | Town Center |
| 15:08 | Research | Double-Bit Axe |
| 15:11 | Research | Horse Collar |
| 15:29 | Build | Town Center |
| 15:31 | Queue | Villager (Male) |
| 15:34 | Queue | Villager (Male) |
| 15:40 | Research | Horse Collar |
| 16:07 | Queue | Villager (Male) |
| 16:13 | Build | Farm |
| 16:19 | Queue | Villager (Male) |
| 16:21 | Queue | Villager (Male) |
| 16:33 | Build | Farm |
| 16:42 | Build | Farm |
| 16:44 | Queue | Villager (Male) |
| 16:49 | Build | Farm |
| 16:54 | Build | Farm |
| 16:59 | Queue | Villager (Male) |
| 17:09 | Build | House |
| 17:10 | Build | House |
| 17:19 | Build | Farm |
| 17:25 | Queue | Villager (Male) |
| 17:36 | Build | Farm |
| 17:38 | Queue | Villager (Male) |
| 17:51 | Build | Farm |
| 18:01 | Queue | Villager (Male) |
| 18:07 | Build | Farm |
| 18:12 | Queue | Villager (Male) |
| 18:18 | Build | Farm |
| 18:30 | Queue | Villager (Male) |
| 18:31 | Queue | Villager (Male) |
| 18:37 | Build | Farm |
| 18:52 | Queue | Villager (Male) |
| 18:55 | Build | Farm |
| 18:57 | Queue | Villager (Male) |
| 19:05 | Build | Farm |
| 19:06 | Queue | Villager (Male) |
| 19:19 | Build | House |
| 19:22 | Build | House |
| 19:23 | Queue | Villager (Male) |
| 19:28 | Build | Farm |
| 19:28 | Queue | Villager (Male) |
| 19:34 | Build | Farm |
| 19:35 | Queue | Villager (Male) |
| 19:45 | Queue | Villager (Male) |
| 19:52 | Queue | Villager (Male) |
| 20:01 | Build | Farm |
| 20:06 | Build | Farm |
| 20:07 | Queue | Villager (Male) |
| 20:13 | Build | Farm |
| 20:14 | Queue | Villager (Male) |
| 20:28 | Queue | Villager (Male) |
| 20:29 | Queue | Villager (Male) |
| 20:37 | Queue | Villager (Male) |
| 20:54 | Build | Town Center |
| 20:55 | Queue | Villager (Male) |
| 20:56 | Queue | Villager (Male) |
| 21:01 | Build | Farm |
| 21:05 | Build | Farm |
| 21:06 | Queue | Villager (Male) |
| 21:08 | Queue | Villager (Male) |
| 21:15 | Build | Farm |
| 21:21 | Queue | Villager (Male) |
| 21:28 | Queue | Villager (Male) |
| 21:33 | Build | Farm |
| 21:35 | Queue | Villager (Male) |
| 21:40 | Build | Farm |
| 21:42 | Queue | Villager (Male) |
| 21:43 | Queue | Villager (Male) |
| 21:46 | Queue | Villager (Male) |
| 21:49 | Build | House |
| 21:52 | Build | House |
| 21:53 | Build | House |
| 21:55 | Build | House |
| 22:00 | Build | House |
| 22:01 | Build | House |
| 22:03 | Build | House |
| 22:05 | Queue | Villager (Male) |
| 22:06 | Queue | Villager (Male) |
| 22:37 | Queue | Villager (Male) |
| 22:48 | Queue | Villager (Male) |
| 22:50 | Queue | Villager (Male) |
| 23:03 | Queue | Villager (Male) |
| 23:07 | Build | Farm |
| 23:36 | Queue | Villager (Male) |
| 23:37 | Queue | Villager (Male) |
| 23:40 | Queue | Villager (Male) |
| 24:05 | Queue | Villager (Male) |
| 24:06 | Queue | Villager (Male) |
| 24:06 | Queue | Villager (Male) |
| 24:06 | Queue | Villager (Male) |
| 24:07 | Queue | Villager (Male) |
| 24:24 | Queue | Villager (Male) |
| 24:30 | Build | Farm |
| 24:31 | Build | Farm |
| 24:31 | Build | Farm |
| 24:31 | Build | Farm |
| 24:32 | Build | Farm |
| 24:38 | Research | Bow Saw |
| 24:43 | Research | Heavy Plow |
| 24:48 | Research | Wheelbarrow |
| 24:50 | Queue | Villager (Male) |
| 24:57 | Build | Farm |
| 24:58 | Build | Farm |
| 24:58 | Build | Farm |
| 24:58 | Build | Farm |
| 24:59 | Build | Farm |
| 24:59 | Build | Farm |
Build order — TacoLgando
First 150 of 329 actions detected
| 0:01 | Queue | Villager (Male) |
| 0:03 | Build | House |
| 0:04 | Build | House |
| 0:08 | Queue | Villager (Male) |
| 0:27 | Queue | Villager (Male) |
| 0:27 | Queue | Villager (Male) |
| 1:45 | Queue | Villager (Male) |
| 1:45 | Queue | Villager (Male) |
| 2:03 | Queue | Villager (Male) |
| 2:30 | Queue | Villager (Male) |
| 2:49 | Queue | Villager (Male) |
| 3:03 | Queue | Villager (Male) |
| 3:39 | Queue | Villager (Male) |
| 3:59 | Queue | Villager (Male) |
| 4:21 | Queue | Villager (Male) |
| 4:22 | Queue | Villager (Male) |
| 4:22 | Queue | Villager (Male) |
| 4:27 | Build | House |
| 4:32 | Build | House |
| 4:39 | Research | Loom |
| 4:45 | Queue | Villager (Male) |
| 5:25 | Queue | Villager (Male) |
| 5:57 | Queue | Villager (Male) |
| 6:29 | Build | Mill |
| 6:32 | Queue | Villager (Male) |
| 6:57 | Queue | Villager (Male) |
| 7:19 | Queue | Villager (Male) |
| 7:29 | Build | Lumber Camp |
| 7:48 | Queue | Villager (Male) |
| 7:52 | Research | Feudal Age |
| 8:51 | Build | Mining Camp |
| 9:48 | Build | House |
| 10:11 | Queue | Villager (Male) |
| 10:23 | Age | Feudal Age |
| 10:29 | Build | Farm |
| 10:33 | Build | Farm |
| 10:43 | Build | Farm |
| 10:48 | Queue | Villager (Male) |
| 10:51 | Build | Farm |
| 10:57 | Build | Farm |
| 11:13 | Queue | Villager (Male) |
| 11:14 | Build | Farm |
| 11:39 | Queue | Villager (Male) |
| 11:51 | Build | Farm |
| 12:04 | Queue | Villager (Male) |
| 12:10 | Build | Farm |
| 12:30 | Queue | Villager (Male) |
| 12:37 | Build | Farm |
| 12:49 | Research | Castle Age |
| 13:18 | Build | House |
| 13:25 | Research | Double-Bit Axe |
| 13:31 | Research | Town Watch |
| 14:54 | Queue | Villager (Male) |
| 15:35 | Age | Castle Age |
| 15:38 | Build | Siege Workshop |
| 15:47 | Build | Town Center |
| 15:52 | Queue | Villager (Male) |
| 15:54 | Research | Horse Collar |
| 16:12 | Build | Outpost |
| 16:25 | Queue | Villager (Male) |
| 16:43 | Build | Outpost |
| 16:52 | Queue | Villager (Male) |
| 17:04 | Queue | Mangonel |
| 17:07 | Queue | Villager (Male) |
| 17:07 | Queue | Villager (Male) |
| 17:14 | Queue | Villager (Male) |
| 17:33 | Research | Bow Saw |
| 17:40 | Queue | Villager (Male) |
| 17:52 | Queue | Villager (Male) |
| 18:07 | Queue | Mangonel |
| 18:08 | Queue | Villager (Male) |
| 18:09 | Queue | Villager (Male) |
| 18:17 | Build | House |
| 18:18 | Build | House |
| 18:53 | Build | Farm |
| 19:17 | Build | Market |
| 19:28 | Queue | Villager (Male) |
| 19:28 | Queue | Villager (Male) |
| 19:28 | Queue | Villager (Male) |
| 19:29 | Queue | Villager (Male) |
| 19:29 | Queue | Villager (Male) |
| 19:32 | Build | Farm |
| 19:33 | Build | Farm |
| 19:42 | Build | Monastery |
| 19:44 | Queue | Villager (Male) |
| 19:45 | Queue | Villager (Male) |
| 19:45 | Queue | Villager (Male) |
| 20:14 | Build | Town Center |
| 20:20 | Build | Town Center |
| 20:24 | Queue | Villager (Male) |
| 20:24 | Queue | Villager (Male) |
| 20:24 | Queue | Villager (Male) |
| 20:42 | Build | Farm |
| 20:46 | Build | Farm |
| 20:48 | Build | Farm |
| 20:52 | Queue | Monk |
| 20:53 | Queue | Monk |
| 20:57 | Queue | Villager (Male) |
| 20:57 | Queue | Villager (Male) |
| 20:58 | Queue | Villager (Male) |
| 21:05 | Build | House |
| 21:06 | Build | House |
| 21:16 | Research | Wheelbarrow |
| 21:19 | Research | Town Patrol |
| 21:20 | Queue | Villager (Male) |
| 21:20 | Queue | Villager (Male) |
| 21:20 | Queue | Villager (Male) |
| 21:20 | Queue | Villager (Male) |
| 21:21 | Queue | Villager (Male) |
| 21:26 | Build | Farm |
| 21:27 | Build | Farm |
| 21:35 | Build | Stable |
| 21:40 | Build | House |
| 21:41 | Queue | Villager (Male) |
| 21:42 | Queue | Villager (Male) |
| 21:45 | Queue | Villager (Male) |
| 21:45 | Queue | Villager (Male) |
| 21:47 | Build | Farm |
| 21:48 | Build | Farm |
| 22:08 | Queue | Villager (Male) |
| 22:08 | Queue | Villager (Male) |
| 22:09 | Queue | Villager (Male) |
| 22:14 | Build | Farm |
| 22:15 | Build | Farm |
| 22:15 | Build | Farm |
| 22:15 | Build | Farm |
| 22:15 | Build | Farm |
| 22:20 | Queue | Villager (Male) |
| 22:20 | Queue | Villager (Male) |
| 22:28 | Build | Farm |
| 22:30 | Queue | Villager (Male) |
| 22:55 | Queue | Villager (Male) |
| 22:56 | Queue | Villager (Male) |
| 22:59 | Queue | Villager (Male) |
| 23:00 | Queue | Villager (Male) |
| 23:04 | Build | Farm |
| 23:05 | Build | Farm |
| 23:06 | Build | Farm |
| 23:17 | Build | House |
| 23:18 | Build | House |
| 23:19 | Build | House |
| 23:21 | Build | House |
| 23:28 | Build | University |
| 23:38 | Queue | Villager (Male) |
| 23:38 | Queue | Villager (Male) |
| 23:38 | Queue | Villager (Male) |
| 23:49 | Queue | Battering Ram |
| 23:49 | Queue | Villager (Male) |
| 23:50 | Queue | Villager (Male) |
| 23:50 | Queue | Villager (Male) |
Build order — nikhdy
First 150 of 256 actions detected
| 0:01 | Queue | Villager (Male) |
| 0:02 | Queue | Villager (Male) |
| 0:02 | Queue | Villager (Male) |
| 0:02 | Queue | Villager (Male) |
| 0:03 | Build | House |
| 0:05 | Build | House |
| 1:23 | Queue | Villager (Male) |
| 1:24 | Queue | Villager (Male) |
| 2:09 | Build | Lumber Camp |
| 2:15 | Queue | Villager (Male) |
| 2:33 | Queue | Villager (Male) |
| 2:34 | Queue | Villager (Male) |
| 2:49 | Queue | Villager (Male) |
| 2:49 | Queue | Villager (Male) |
| 3:27 | Queue | Villager (Male) |
| 3:27 | Queue | Villager (Male) |
| 3:34 | Build | House |
| 3:58 | Queue | Villager (Male) |
| 3:59 | Queue | Villager (Male) |
| 4:28 | Build | House |
| 4:29 | Queue | Villager (Male) |
| 4:29 | Queue | Villager (Male) |
| 5:18 | Build | Mill |
| 5:38 | Queue | Villager (Male) |
| 5:38 | Queue | Villager (Male) |
| 5:38 | Queue | Villager (Male) |
| 6:11 | Queue | Villager (Male) |
| 6:12 | Queue | Villager (Male) |
| 6:12 | Queue | Villager (Male) |
| 6:12 | Queue | Villager (Male) |
| 7:27 | Queue | Villager (Male) |
| 7:53 | Research | Feudal Age |
| 7:57 | Queue | Villager (Male) |
| 8:28 | Research | Feudal Age |
| 8:48 | Build | Mining Camp |
| 10:43 | Age | Feudal Age |
| 10:47 | Queue | Villager (Male) |
| 10:47 | Queue | Villager (Male) |
| 10:55 | Build | Market |
| 10:59 | Build | Blacksmith |
| 11:52 | Research | Castle Age |
| 11:55 | Research | Double-Bit Axe |
| 12:00 | Build | Barracks |
| 12:55 | Build | House |
| 12:57 | Build | House |
| 13:04 | Build | Archery Range |
| 13:29 | Build | Farm |
| 13:35 | Build | Farm |
| 13:46 | Queue | Villager (Male) |
| 13:47 | Queue | Villager (Male) |
| 13:59 | Build | Farm |
| 14:07 | Queue | Archer ×3 |
| 14:25 | Build | Farm |
| 14:32 | Age | Castle Age |
| 15:18 | Build | Archery Range |
| 15:21 | Research | Crossbowman (upgrade) |
| 15:32 | Build | Farm |
| 15:36 | Build | Farm |
| 15:49 | Queue | Villager (Male) |
| 15:49 | Queue | Villager (Male) |
| 16:07 | Build | Siege Workshop |
| 16:10 | Queue | Archer |
| 16:10 | Queue | Archer |
| 16:21 | Build | Farm |
| 16:27 | Queue | Villager (Male) |
| 16:36 | Queue | Archer ×2 |
| 16:36 | Queue | Archer ×2 |
| 16:44 | Build | House |
| 16:48 | Build | House |
| 16:52 | Queue | Villager (Male) |
| 16:52 | Queue | Villager (Male) |
| 17:08 | Queue | Villager (Male) |
| 17:08 | Queue | Villager (Male) |
| 17:10 | Queue | Unit 1105 |
| 17:28 | Queue | Villager (Male) |
| 17:28 | Queue | Villager (Male) |
| 17:35 | Build | House |
| 18:17 | Queue | Archer ×5 |
| 18:20 | Queue | Villager (Male) |
| 18:20 | Queue | Villager (Male) |
| 18:54 | Queue | Archer ×5 |
| 18:54 | Queue | Archer ×5 |
| 18:59 | Queue | Villager (Male) ×2 |
| 18:59 | Queue | Villager (Male) ×2 |
| 19:30 | Build | Town Center |
| 19:50 | Queue | Villager (Male) ×2 |
| 20:10 | Build | House |
| 21:13 | Queue | Battering Ram |
| 21:13 | Queue | Battering Ram |
| 21:18 | Research | Fletching |
| 21:20 | Queue | Villager (Male) ×3 |
| 21:20 | Queue | Villager (Male) ×3 |
| 21:26 | Build | Farm |
| 21:26 | Build | Farm |
| 21:26 | Build | Farm |
| 21:26 | Build | Farm |
| 21:26 | Build | Farm |
| 21:27 | Build | Farm |
| 21:41 | Queue | Archer ×5 |
| 21:42 | Queue | Archer ×5 |
| 23:51 | Research | Wheelbarrow |
| 23:56 | Queue | Villager (Male) ×3 |
| 24:01 | Build | Farm |
| 24:01 | Build | Farm |
| 24:01 | Build | Farm |
| 24:01 | Build | Farm |
| 24:09 | Build | Farm |
| 24:49 | Queue | Archer ×5 |
| 24:49 | Queue | Archer ×5 |
| 24:57 | Build | Farm |
| 24:57 | Build | Farm |
| 24:57 | Build | Farm |
| 24:57 | Build | Farm |
| 25:51 | Research | Hand Cart |
| 25:51 | Queue | Villager (Male) |
| 25:52 | Queue | Villager (Male) |
| 26:31 | Research | Gold Mining |
| 26:43 | Queue | Villager (Male) ×2 |
| 26:49 | Build | Farm |
| 26:54 | Build | Farm |
| 26:55 | Build | Farm |
| 26:55 | Build | Farm |
| 26:55 | Build | Farm |
| 26:55 | Build | Farm |
| 27:02 | Queue | Villager (Male) |
| 27:02 | Queue | Villager (Male) |
| 27:49 | Queue | Villager (Male) ×4 |
| 27:59 | Build | Town Center |
| 28:09 | Build | Farm |
| 28:09 | Build | Farm |
| 28:09 | Build | Farm |
| 28:10 | Build | Farm |
| 28:10 | Build | Farm |
| 28:26 | Research | Bodkin Arrow |
| 28:29 | Research | Padded Archer Armor |
| 29:18 | Queue | Villager (Male) ×5 |
| 29:23 | Build | Farm |
| 29:24 | Build | Farm |
| 29:24 | Build | Farm |
| 29:24 | Build | Farm |
| 29:24 | Build | Farm |
| 29:25 | Build | Farm |
| 29:55 | Queue | Villager (Male) ×5 |
| 30:01 | Build | Farm |
| 30:01 | Build | Farm |
| 30:01 | Build | Farm |
| 30:01 | Build | Farm |
| 30:01 | Build | Farm |
| 30:02 | Build | Farm |
| 30:02 | Build | Farm |
Build order — VIT | Hera
First 150 of 462 actions detected
| 0:02 | Queue | Villager (Male) |
| 0:02 | Queue | Villager (Male) |
| 0:03 | Build | House |
| 0:03 | Build | House |
| 0:10 | Queue | Villager (Male) |
| 0:10 | Queue | Villager (Male) |
| 0:10 | Queue | Villager (Male) |
| 1:17 | Queue | Villager (Male) |
| 1:56 | Queue | Villager (Male) |
| 1:56 | Queue | Villager (Male) |
| 1:56 | Queue | Villager (Male) |
| 2:14 | Build | Lumber Camp |
| 2:21 | Queue | Villager (Male) |
| 2:21 | Queue | Villager (Male) |
| 2:32 | Queue | Villager (Male) |
| 3:09 | Queue | Villager (Male) |
| 3:09 | Queue | Villager (Male) |
| 3:14 | Queue | Villager (Male) |
| 3:35 | Queue | Villager (Male) |
| 3:51 | Build | House |
| 4:27 | Build | House |
| 4:49 | Queue | Villager (Male) |
| 5:27 | Queue | Villager (Male) |
| 5:27 | Queue | Villager (Male) |
| 5:27 | Queue | Villager (Male) |
| 5:27 | Queue | Villager (Male) |
| 5:27 | Queue | Villager (Male) |
| 5:34 | Build | Mill |
| 5:54 | Queue | Villager (Male) |
| 5:54 | Queue | Villager (Male) |
| 6:27 | Queue | Villager (Male) |
| 6:27 | Queue | Villager (Male) |
| 6:28 | Queue | Villager (Male) |
| 7:01 | Build | House |
| 8:24 | Build | Farm |
| 8:25 | Build | Farm |
| 8:28 | Build | Mining Camp |
| 8:44 | Research | Feudal Age |
| 9:44 | Build | Farm |
| 10:04 | Build | Farm |
| 10:24 | Queue | Villager (Male) |
| 10:57 | Age | Feudal Age |
| 10:59 | Queue | Villager (Male) |
| 11:02 | Build | Market |
| 11:04 | Build | Blacksmith |
| 11:15 | Build | Farm |
| 11:32 | Research | Double-Bit Axe |
| 11:32 | Research | Double-Bit Axe |
| 11:37 | Build | House |
| 11:54 | Research | Castle Age |
| 11:54 | Research | Castle Age |
| 12:24 | Research | Horse Collar |
| 12:24 | Research | Horse Collar |
| 13:24 | Build | Farm |
| 13:26 | Build | Farm |
| 14:30 | Queue | Villager (Male) |
| 14:34 | Age | Castle Age |
| 14:36 | Queue | Villager (Male) |
| 14:36 | Queue | Villager (Male) |
| 14:40 | Build | Town Center |
| 14:43 | Build | Town Center |
| 14:49 | Research | Bow Saw |
| 14:49 | Research | Bow Saw |
| 14:50 | Research | Heavy Plow |
| 14:50 | Research | Heavy Plow |
| 14:53 | Build | Monastery |
| 15:34 | Build | House |
| 15:34 | Build | House |
| 15:37 | Queue | Monk |
| 15:38 | Build | Farm |
| 15:39 | Queue | Villager (Male) |
| 15:46 | Queue | Villager (Male) |
| 15:49 | Build | Farm |
| 15:51 | Queue | Villager (Male) |
| 15:52 | Build | Farm |
| 15:53 | Build | Farm |
| 15:55 | Build | Farm |
| 15:55 | Queue | Villager (Male) |
| 15:57 | Queue | Villager (Male) |
| 15:58 | Build | Farm |
| 15:59 | Queue | Villager (Male) |
| 16:03 | Queue | Villager (Male) |
| 16:06 | Queue | Villager (Male) |
| 16:15 | Build | Farm |
| 16:22 | Queue | Villager (Male) |
| 16:22 | Queue | Villager (Male) |
| 16:27 | Build | Farm |
| 16:39 | Queue | Villager (Male) |
| 16:39 | Queue | Villager (Male) |
| 16:49 | Queue | Villager (Male) |
| 16:53 | Queue | Monk |
| 16:53 | Queue | Monk |
| 16:58 | Queue | Villager (Male) |
| 16:58 | Queue | Villager (Male) |
| 16:59 | Build | Farm |
| 17:01 | Build | Farm |
| 17:04 | Build | Farm |
| 17:05 | Build | Farm |
| 17:08 | Build | Farm |
| 17:11 | Queue | Villager (Male) |
| 17:20 | Build | Farm |
| 17:21 | Queue | Villager (Male) |
| 17:22 | Queue | Villager (Male) |
| 17:22 | Build | Farm |
| 17:31 | Queue | Villager (Male) |
| 17:41 | Build | Farm |
| 17:43 | Build | Farm |
| 17:45 | Queue | Villager (Male) |
| 17:53 | Build | Farm |
| 17:54 | Queue | Villager (Male) |
| 17:55 | Queue | Villager (Male) |
| 17:56 | Queue | Villager (Male) |
| 17:59 | Build | Farm |
| 18:06 | Queue | Villager (Male) |
| 18:19 | Queue | Villager (Male) |
| 18:19 | Queue | Villager (Male) |
| 18:20 | Build | Farm |
| 18:23 | Build | Farm |
| 18:23 | Build | Farm |
| 18:24 | Build | Farm |
| 18:29 | Queue | Villager (Male) |
| 18:30 | Build | House |
| 18:31 | Build | House |
| 18:31 | Build | House |
| 18:35 | Queue | Villager (Male) |
| 18:50 | Queue | Villager (Male) |
| 18:53 | Queue | Villager (Male) |
| 18:53 | Queue | Villager (Male) |
| 18:56 | Build | Farm |
| 19:18 | Research | Wheelbarrow |
| 19:19 | Queue | Villager (Male) |
| 19:28 | Build | Town Center |
| 19:33 | Queue | Villager (Male) |
| 19:33 | Queue | Villager (Male) |
| 19:36 | Queue | Villager (Male) |
| 19:36 | Queue | Villager (Male) |
| 19:38 | Build | House |
| 19:39 | Build | House |
| 19:40 | Build | House |
| 19:41 | Build | House |
| 19:42 | Build | House |
| 19:42 | Queue | Villager (Male) |
| 19:42 | Queue | Villager (Male) |
| 19:48 | Build | Farm |
| 20:13 | Build | Farm |
| 20:15 | Build | Farm |
| 20:17 | Build | Farm |
| 20:20 | Queue | Villager (Male) |
| 20:23 | Queue | Villager (Male) |
| 20:29 | Build | Siege Workshop |
Build order — Slayer
First 150 of 394 actions detected
| 0:01 | Queue | Villager (Male) |
| 0:11 | Queue | Villager (Male) |
| 0:12 | Queue | Villager (Male) |
| 0:12 | Queue | Villager (Male) |
| 0:12 | Queue | Villager (Male) |
| 1:17 | Queue | Villager (Male) |
| 1:51 | Queue | Villager (Male) |
| 1:51 | Queue | Villager (Male) |
| 2:07 | Queue | Villager (Male) |
| 2:08 | Queue | Villager (Male) |
| 2:10 | Build | Lumber Camp |
| 2:32 | Queue | Villager (Male) |
| 2:32 | Queue | Villager (Male) |
| 3:17 | Queue | Villager (Male) |
| 3:18 | Queue | Villager (Male) |
| 3:39 | Queue | Villager (Male) |
| 3:39 | Queue | Villager (Male) |
| 3:39 | Queue | Villager (Male) |
| 3:40 | Queue | Villager (Male) |
| 5:03 | Queue | Villager (Male) |
| 5:03 | Queue | Villager (Male) |
| 5:04 | Queue | Villager (Male) |
| 5:04 | Queue | Villager (Male) |
| 5:04 | Queue | Villager (Male) |
| 5:58 | Build | Mill |
| 7:04 | Queue | Villager (Male) |
| 7:04 | Queue | Villager (Male) |
| 7:05 | Queue | Villager (Male) |
| 7:35 | Build | Mining Camp |
| 8:01 | Build | Farm |
| 8:06 | Build | Farm |
| 8:13 | Queue | Villager (Male) |
| 8:15 | Queue | Villager (Male) |
| 9:05 | Research | Feudal Age |
| 9:25 | Queue | Villager (Male) |
| 9:25 | Queue | Villager (Male) |
| 10:53 | Build | Farm |
| 11:09 | Build | Farm |
| 11:19 | Age | Feudal Age |
| 11:25 | Build | Market |
| 11:31 | Build | Blacksmith |
| 12:15 | Research | Castle Age |
| 12:15 | Research | Castle Age |
| 12:18 | Research | Double-Bit Axe |
| 12:20 | Research | Horse Collar |
| 13:30 | Build | Farm |
| 13:33 | Build | Farm |
| 14:31 | Build | Barracks |
| 14:55 | Age | Castle Age |
| 14:58 | Build | Town Center |
| 15:03 | Queue | Villager (Male) |
| 15:03 | Queue | Villager (Male) |
| 15:08 | Build | Town Center |
| 15:37 | Research | Bow Saw |
| 15:55 | Queue | Villager (Male) |
| 15:57 | Queue | Villager (Male) |
| 15:59 | Queue | Villager (Male) |
| 16:02 | Queue | Villager (Male) |
| 16:13 | Queue | Villager (Male) |
| 16:29 | Build | Monastery |
| 16:41 | Queue | Villager (Male) |
| 16:41 | Queue | Villager (Male) |
| 16:42 | Queue | Villager (Male) |
| 16:47 | Build | Farm |
| 16:49 | Build | Farm |
| 16:55 | Build | Farm |
| 16:59 | Build | Farm |
| 17:02 | Build | Farm |
| 17:03 | Queue | Villager (Male) |
| 17:04 | Queue | Villager (Male) |
| 17:04 | Queue | Villager (Male) |
| 17:06 | Queue | Monk |
| 17:07 | Queue | Monk |
| 17:24 | Queue | Villager (Male) |
| 17:25 | Queue | Villager (Male) |
| 17:29 | Build | Farm |
| 17:31 | Build | Farm |
| 17:32 | Build | Farm |
| 17:33 | Build | Farm |
| 17:44 | Queue | Villager (Male) |
| 17:45 | Queue | Villager (Male) |
| 17:48 | Build | Farm |
| 17:51 | Build | Farm |
| 17:53 | Queue | Villager (Male) |
| 17:53 | Queue | Villager (Male) |
| 18:07 | Queue | Monk |
| 18:15 | Queue | Villager (Male) |
| 18:15 | Queue | Villager (Male) |
| 18:19 | Build | Farm |
| 18:22 | Queue | Villager (Male) |
| 18:22 | Queue | Villager (Male) |
| 18:25 | Build | Farm |
| 18:26 | Build | Farm |
| 18:30 | Build | Farm |
| 18:34 | Queue | Villager (Male) |
| 18:34 | Queue | Villager (Male) |
| 18:50 | Queue | Villager (Male) |
| 18:50 | Queue | Villager (Male) |
| 18:50 | Queue | Villager (Male) |
| 19:00 | Build | Farm |
| 19:00 | Build | Farm |
| 19:04 | Build | Farm |
| 19:05 | Build | Farm |
| 19:09 | Build | Farm |
| 19:11 | Build | Farm |
| 19:15 | Queue | Monk |
| 19:22 | Queue | Villager (Male) |
| 19:23 | Queue | Villager (Male) |
| 19:23 | Queue | Villager (Male) |
| 19:41 | Queue | Villager (Male) |
| 19:41 | Queue | Villager (Male) |
| 19:41 | Queue | Villager (Male) |
| 19:45 | Research | Loom |
| 19:52 | Queue | Villager (Male) |
| 20:15 | Queue | Villager (Male) |
| 20:15 | Queue | Villager (Male) |
| 20:16 | Queue | Villager (Male) |
| 20:28 | Queue | Villager (Male) |
| 20:29 | Queue | Villager (Male) |
| 20:29 | Queue | Villager (Male) |
| 20:42 | Build | Stable |
| 20:50 | Research | Wheelbarrow |
| 20:52 | Queue | Villager (Male) |
| 20:52 | Queue | Villager (Male) |
| 20:53 | Queue | Villager (Male) |
| 21:07 | Research | Scale Barding Armor |
| 21:11 | Queue | Villager (Male) |
| 21:12 | Queue | Villager (Male) |
| 21:18 | Build | Stable |
| 21:23 | Build | Siege Workshop |
| 21:30 | Build | Stable |
| 21:35 | Build | Farm |
| 21:40 | Build | Farm |
| 21:41 | Build | Farm |
| 21:43 | Build | Mill |
| 21:59 | Research | Bloodlines |
| 22:01 | Research | Forging |
| 22:03 | Queue | Villager (Male) |
| 22:03 | Queue | Villager (Male) |
| 22:03 | Queue | Villager (Male) |
| 22:03 | Queue | Villager (Male) |
| 22:11 | Build | Farm |
| 22:13 | Build | Farm |
| 22:14 | Build | Farm |
| 22:25 | Build | Stable |
| 22:42 | Queue | Villager (Male) |
| 22:43 | Queue | Villager (Male) |
| 22:43 | Queue | Villager (Male) |
| 22:47 | Build | Lumber Camp |
| 22:52 | Queue | Villager (Male) |
Build order — Pegasus
First 150 of 320 actions detected
| 0:01 | Queue | Villager (Male) |
| 0:01 | Queue | Villager (Male) |
| 0:01 | Queue | Villager (Male) |
| 0:02 | Build | House |
| 0:03 | Build | House |
| 0:24 | Queue | Villager (Male) |
| 0:24 | Queue | Villager (Male) |
| 0:24 | Queue | Villager (Male) |
| 1:33 | Queue | Villager (Male) |
| 1:33 | Queue | Villager (Male) |
| 1:49 | Build | Lumber Camp |
| 2:01 | Queue | Villager (Male) |
| 2:23 | Queue | Villager (Male) |
| 2:52 | Queue | Villager (Male) |
| 2:53 | Queue | Villager (Male) |
| 3:20 | Queue | Villager (Male) |
| 3:20 | Queue | Villager (Male) |
| 3:32 | Queue | Villager (Male) |
| 3:32 | Queue | Villager (Male) |
| 4:02 | Build | House |
| 4:04 | Queue | Villager (Male) |
| 4:05 | Queue | Villager (Male) |
| 4:05 | Queue | Villager (Male) |
| 4:18 | Build | Mill |
| 4:31 | Queue | Villager (Male) |
| 4:31 | Queue | Villager (Male) |
| 5:03 | Queue | Villager (Male) |
| 5:12 | Build | House |
| 5:16 | Build | House |
| 5:17 | Queue | Villager (Male) |
| 5:44 | Queue | Villager (Male) |
| 6:30 | Queue | Villager (Male) |
| 6:41 | Build | Mill |
| 6:47 | Build | House |
| 6:50 | Queue | Villager (Male) |
| 7:18 | Queue | Villager (Male) |
| 8:07 | Research | Feudal Age |
| 10:31 | Queue | Villager (Male) |
| 10:31 | Age | Feudal Age |
| 10:31 | Queue | Villager (Male) |
| 10:40 | Build | Town Center |
| 10:42 | Research | Double-Bit Axe |
| 10:46 | Research | Horse Collar |
| 10:47 | Queue | Villager (Male) |
| 11:07 | Build | Farm |
| 11:12 | Build | Farm |
| 11:12 | Build | Farm |
| 11:12 | Build | Farm |
| 11:12 | Build | Farm |
| 11:34 | Build | House |
| 11:35 | Build | House |
| 11:39 | Queue | Villager (Male) |
| 11:52 | Queue | Villager (Male) |
| 12:09 | Build | Farm |
| 12:15 | Queue | Villager (Male) |
| 12:15 | Queue | Villager (Male) |
| 12:16 | Queue | Villager (Male) |
| 12:16 | Queue | Villager (Male) |
| 12:34 | Build | House |
| 12:35 | Build | House |
| 12:49 | Queue | Villager (Male) |
| 12:49 | Queue | Villager (Male) |
| 12:53 | Build | Mining Camp |
| 13:04 | Queue | Villager (Male) |
| 13:04 | Queue | Villager (Male) |
| 13:05 | Queue | Villager (Male) |
| 13:12 | Build | Farm |
| 13:12 | Build | Farm |
| 13:12 | Build | Farm |
| 13:12 | Build | Farm |
| 13:12 | Build | Farm |
| 13:13 | Build | Farm |
| 13:13 | Build | Farm |
| 13:23 | Queue | Villager (Male) ×3 |
| 13:30 | Build | Farm |
| 13:35 | Build | Farm |
| 13:48 | Build | Farm |
| 13:54 | Build | House |
| 13:59 | Build | House |
| 14:11 | Build | Farm |
| 14:45 | Queue | Villager (Male) ×5 |
| 14:49 | Build | Market |
| 15:07 | Build | Blacksmith |
| 15:17 | Build | Farm |
| 15:33 | Build | Farm |
| 15:57 | Build | Mining Camp |
| 16:02 | Queue | Villager (Male) |
| 16:03 | Queue | Villager (Male) |
| 16:07 | Build | Farm |
| 16:14 | Queue | Villager (Male) |
| 16:15 | Queue | Villager (Male) |
| 16:33 | Build | Barracks |
| 16:53 | Queue | Villager (Male) |
| 16:58 | Queue | Villager (Male) |
| 17:06 | Build | Farm |
| 17:13 | Research | Castle Age |
| 17:27 | Build | Farm |
| 17:28 | Build | Farm |
| 17:35 | Build | Stable |
| 18:00 | Research | Scale Barding Armor |
| 18:07 | Build | Stable |
| 18:11 | Build | Stable |
| 18:22 | Build | Stable |
| 18:30 | Research | Bloodlines |
| 18:32 | Research | Forging |
| 18:36 | Build | Farm |
| 18:36 | Build | Farm |
| 18:36 | Build | Farm |
| 18:48 | Research | Gold Mining |
| 19:47 | Queue | Villager (Male) |
| 19:48 | Queue | Villager (Male) |
| 19:48 | Queue | Villager (Male) |
| 19:48 | Queue | Villager (Male) |
| 19:50 | Queue | Villager (Male) |
| 19:50 | Queue | Villager (Male) |
| 20:03 | Age | Castle Age |
| 20:07 | Queue | Knight ×5 |
| 20:07 | Queue | Knight ×5 |
| 20:08 | Queue | Knight ×5 |
| 20:08 | Queue | Knight |
| 20:21 | Research | Iron Casting |
| 20:34 | Build | Town Center |
| 20:45 | Queue | Knight |
| 20:46 | Queue | Knight |
| 20:51 | Queue | Knight ×2 |
| 20:51 | Queue | Knight ×2 |
| 20:52 | Queue | Knight ×2 |
| 21:49 | Queue | Knight ×4 |
| 21:50 | Queue | Knight ×4 |
| 21:50 | Queue | Knight ×4 |
| 21:52 | Queue | Villager (Male) ×4 |
| 21:56 | Build | House |
| 21:56 | Build | House |
| 21:57 | Build | House |
| 21:57 | Build | House |
| 21:57 | Build | House |
| 21:57 | Build | House |
| 21:57 | Build | House |
| 21:59 | Build | House |
| 22:08 | Build | House |
| 22:13 | Build | Mill |
| 22:14 | Build | Farm |
| 22:14 | Build | Farm |
| 22:14 | Build | Farm |
| 22:14 | Build | Farm |
| 22:14 | Build | Farm |
| 22:15 | Build | Farm |
| 22:15 | Build | Farm |
| 22:28 | Research | Chain Barding Armor |
| 22:30 | Queue | Villager (Male) |
Build order — Hattori Hanzo
First 150 of 655 actions detected
| 0:01 | Queue | Villager (Male) |
| 0:02 | Queue | Villager (Male) |
| 0:02 | Queue | Villager (Male) |
| 0:02 | Queue | Villager (Male) |
| 0:02 | Queue | Villager (Male) |
| 0:06 | Build | House |
| 0:08 | Build | House |
| 1:31 | Queue | Villager (Male) |
| 1:31 | Queue | Villager (Male) |
| 1:31 | Queue | Villager (Male) |
| 2:01 | Queue | Villager (Male) |
| 2:01 | Queue | Villager (Male) |
| 2:02 | Build | Lumber Camp |
| 2:26 | Queue | Villager (Male) |
| 2:26 | Queue | Villager (Male) |
| 2:33 | Queue | Villager (Male) |
| 2:34 | Queue | Villager (Male) |
| 2:34 | Queue | Villager (Male) |
| 3:22 | Queue | Villager (Male) |
| 3:22 | Queue | Villager (Male) |
| 3:22 | Queue | Villager (Male) |
| 3:23 | Queue | Villager (Male) |
| 3:34 | Build | House |
| 3:35 | Build | House |
| 3:59 | Queue | Villager (Male) |
| 3:59 | Queue | Villager (Male) |
| 4:25 | Queue | Villager (Male) |
| 4:25 | Queue | Villager (Male) |
| 4:26 | Queue | Villager (Male) |
| 4:47 | Queue | Villager (Male) |
| 4:49 | Queue | Villager (Male) |
| 5:17 | Build | Mill |
| 5:18 | Queue | Villager (Male) |
| 5:18 | Queue | Villager (Male) |
| 5:18 | Queue | Villager (Male) |
| 5:42 | Queue | Villager (Male) |
| 5:42 | Queue | Villager (Male) |
| 6:06 | Queue | Villager (Male) |
| 6:07 | Queue | Villager (Male) |
| 6:07 | Queue | Villager (Male) |
| 6:34 | Queue | Villager (Male) |
| 6:34 | Queue | Villager (Male) |
| 6:34 | Queue | Villager (Male) |
| 6:48 | Build | Farm |
| 6:58 | Build | Farm |
| 7:03 | Queue | Villager (Male) |
| 7:12 | Build | Lumber Camp |
| 7:43 | Build | Farm |
| 8:12 | Research | Feudal Age |
| 8:33 | Build | Mining Camp |
| 8:50 | Build | House |
| 8:51 | Build | House |
| 9:43 | Queue | Villager (Male) |
| 9:44 | Queue | Villager (Male) |
| 10:37 | Age | Feudal Age |
| 10:44 | Build | Market |
| 10:47 | Build | Blacksmith |
| 10:59 | Build | House |
| 11:00 | Build | House |
| 11:17 | Queue | Villager (Male) |
| 12:04 | Research | Castle Age |
| 12:37 | Research | Double-Bit Axe |
| 12:38 | Research | Double-Bit Axe |
| 12:50 | Build | House |
| 12:52 | Build | Palisade Wall |
| 12:53 | Build | Palisade Wall |
| 13:05 | Research | Horse Collar |
| 14:08 | Queue | Villager (Male) |
| 14:37 | Queue | Villager (Male) |
| 14:44 | Age | Castle Age |
| 14:48 | Build | Town Center |
| 14:51 | Queue | Villager (Male) |
| 14:56 | Build | Town Center |
| 15:03 | Queue | Villager (Male) |
| 15:08 | Research | Bow Saw |
| 15:12 | Research | Heavy Plow |
| 15:24 | Build | Town Center |
| 15:28 | Queue | Villager (Male) |
| 15:49 | Build | Farm |
| 15:56 | Queue | Villager (Male) |
| 16:18 | Build | Farm |
| 16:18 | Build | Farm |
| 16:23 | Queue | Villager (Male) |
| 16:24 | Queue | Villager (Male) |
| 16:24 | Queue | Villager (Male) |
| 16:27 | Build | Farm |
| 16:41 | Build | Farm |
| 16:49 | Queue | Villager (Male) |
| 16:50 | Queue | Villager (Male) |
| 16:50 | Queue | Villager (Male) |
| 16:50 | Queue | Villager (Male) |
| 16:50 | Queue | Villager (Male) |
| 16:58 | Build | Farm |
| 17:03 | Build | Farm |
| 17:03 | Build | Farm |
| 17:12 | Build | Farm |
| 17:12 | Build | Farm |
| 17:12 | Build | Farm |
| 17:14 | Queue | Villager (Male) |
| 17:14 | Queue | Villager (Male) |
| 17:14 | Queue | Villager (Male) |
| 17:24 | Build | Farm |
| 17:31 | Queue | Villager (Male) |
| 17:31 | Queue | Villager (Male) |
| 17:31 | Queue | Villager (Male) |
| 17:46 | Build | Farm |
| 17:51 | Build | Farm |
| 17:52 | Build | Farm |
| 17:53 | Build | Farm |
| 17:54 | Queue | Villager (Male) |
| 17:54 | Queue | Villager (Male) |
| 17:54 | Queue | Villager (Male) |
| 17:58 | Build | Farm |
| 17:58 | Queue | Villager (Male) |
| 17:58 | Queue | Villager (Male) |
| 17:59 | Queue | Villager (Male) |
| 18:09 | Build | Farm |
| 18:16 | Build | Farm |
| 18:24 | Build | Farm |
| 18:25 | Queue | Villager (Male) |
| 18:25 | Queue | Villager (Male) |
| 18:25 | Queue | Villager (Male) |
| 18:30 | Build | Farm |
| 18:31 | Queue | Villager (Male) |
| 18:31 | Queue | Villager (Male) |
| 18:31 | Queue | Villager (Male) |
| 18:39 | Queue | Villager (Male) |
| 18:43 | Build | Farm |
| 18:44 | Build | Farm |
| 18:51 | Build | Farm |
| 18:55 | Queue | Villager (Male) |
| 18:56 | Queue | Villager (Male) |
| 19:02 | Build | Farm |
| 19:03 | Queue | Villager (Male) |
| 19:03 | Queue | Villager (Male) |
| 19:03 | Queue | Villager (Male) |
| 19:09 | Build | Farm |
| 19:10 | Queue | Villager (Male) |
| 19:10 | Queue | Villager (Male) |
| 19:11 | Queue | Villager (Male) |
| 19:21 | Queue | Villager (Male) |
| 19:22 | Queue | Villager (Male) |
| 19:24 | Build | Farm |
| 19:28 | Queue | Villager (Male) |
| 19:34 | Build | Farm |
| 19:35 | Queue | Villager (Male) |
| 19:36 | Queue | Villager (Male) |
| 19:41 | Build | Farm |
| 19:41 | Queue | Villager (Male) |
| 19:42 | Queue | Villager (Male) |
Build order — Lord Snow
First 150 of 405 actions detected
| 0:00 | Queue | Villager (Male) |
| 0:01 | Queue | Villager (Male) |
| 0:01 | Queue | Villager (Male) |
| 0:01 | Queue | Villager (Male) |
| 0:03 | Build | House |
| 0:06 | Build | House |
| 1:18 | Queue | Villager (Male) |
| 1:18 | Queue | Villager (Male) |
| 1:47 | Queue | Villager (Male) |
| 2:27 | Queue | Villager (Male) |
| 2:28 | Queue | Villager (Male) |
| 2:42 | Build | Lumber Camp |
| 3:33 | Queue | Villager (Male) |
| 3:33 | Queue | Villager (Male) |
| 3:43 | Build | House |
| 3:45 | Build | House |
| 3:49 | Queue | Villager (Male) |
| 3:50 | Queue | Villager (Male) |
| 4:17 | Queue | Villager (Male) |
| 4:22 | Queue | Villager (Male) |
| 4:53 | Build | Mill |
| 4:56 | Queue | Villager (Male) |
| 4:56 | Queue | Villager (Male) |
| 6:04 | Queue | Villager (Male) |
| 6:04 | Queue | Villager (Male) |
| 6:24 | Queue | Villager (Male) |
| 7:37 | Queue | Villager (Male) |
| 7:52 | Build | Farm |
| 7:54 | Build | Farm |
| 8:25 | Queue | Villager (Male) |
| 8:44 | Build | Mining Camp |
| 8:55 | Research | Feudal Age |
| 9:37 | Build | House |
| 10:39 | Queue | Villager (Male) |
| 10:39 | Queue | Villager (Male) |
| 11:08 | Age | Feudal Age |
| 11:11 | Build | Market |
| 11:20 | Build | Blacksmith |
| 11:45 | Research | Double-Bit Axe |
| 11:56 | Research | Castle Age |
| 12:09 | Research | Horse Collar |
| 12:15 | Build | House |
| 12:16 | Build | House |
| 13:17 | Build | House |
| 13:18 | Build | House |
| 13:49 | Queue | Villager (Male) |
| 13:50 | Queue | Villager (Male) |
| 13:55 | Build | Farm |
| 13:59 | Build | Farm |
| 14:03 | Build | Farm |
| 14:19 | Queue | Villager (Male) |
| 14:38 | Age | Castle Age |
| 14:45 | Build | Town Center |
| 14:56 | Build | Town Center |
| 15:05 | Research | Bow Saw |
| 15:20 | Queue | Villager (Male) |
| 15:31 | Research | Heavy Plow |
| 15:51 | Build | Farm |
| 15:56 | Build | Farm |
| 15:56 | Queue | Villager (Male) |
| 16:07 | Queue | Villager (Male) ×4 |
| 16:13 | Build | Farm |
| 16:19 | Build | Farm |
| 16:24 | Build | Farm |
| 16:36 | Queue | Villager (Male) |
| 16:45 | Build | Farm |
| 16:50 | Build | Farm |
| 16:54 | Build | Farm |
| 17:00 | Build | Farm |
| 17:02 | Queue | Villager (Male) ×2 |
| 17:13 | Build | Farm |
| 17:19 | Build | Farm |
| 17:20 | Queue | Villager (Male) |
| 17:29 | Queue | Villager (Male) |
| 17:33 | Build | Farm |
| 17:45 | Queue | Villager (Male) |
| 17:49 | Build | Farm |
| 17:53 | Build | Farm |
| 17:55 | Build | Farm |
| 17:59 | Build | Farm |
| 18:04 | Queue | Villager (Male) |
| 18:08 | Build | Farm |
| 18:13 | Queue | Villager (Male) ×2 |
| 18:24 | Queue | Villager (Male) |
| 18:27 | Build | Farm |
| 18:35 | Build | Farm |
| 18:39 | Build | Farm |
| 18:44 | Build | Farm |
| 18:47 | Build | Farm |
| 18:49 | Queue | Villager (Male) ×3 |
| 19:02 | Build | Farm |
| 19:06 | Build | Farm |
| 19:08 | Queue | Villager (Male) ×2 |
| 19:16 | Build | House |
| 19:17 | Build | House |
| 19:19 | Build | House |
| 19:32 | Research | Wheelbarrow |
| 19:34 | Queue | Villager (Male) |
| 19:41 | Build | Mining Camp |
| 19:56 | Queue | Villager (Male) ×4 |
| 20:09 | Build | Farm |
| 20:09 | Build | Farm |
| 20:09 | Build | Farm |
| 20:10 | Build | Farm |
| 20:10 | Build | Farm |
| 20:10 | Build | Farm |
| 20:10 | Build | Farm |
| 20:10 | Build | Farm |
| 20:18 | Research | Stone Mining |
| 20:18 | Research | Stone Mining |
| 20:19 | Research | Stone Mining |
| 20:37 | Build | Farm |
| 20:38 | Queue | Villager (Male) ×5 |
| 20:42 | Research | Loom |
| 20:50 | Build | Farm |
| 20:57 | Queue | Villager (Male) ×3 |
| 21:09 | Queue | Villager (Male) |
| 21:17 | Research | Stone Shaft Mining |
| 21:31 | Research | Gold Mining |
| 21:42 | Queue | Villager (Male) ×2 |
| 21:52 | Queue | Villager (Male) ×4 |
| 22:04 | Build | Farm |
| 22:06 | Build | Farm |
| 22:30 | Build | Mining Camp |
| 22:33 | Queue | Villager (Male) ×5 |
| 22:34 | Queue | Villager (Male) ×5 |
| 22:55 | Build | House |
| 22:58 | Build | House |
| 22:59 | Build | House |
| 23:01 | Build | House |
| 23:03 | Build | House |
| 23:12 | Queue | Villager (Male) ×5 |
| 23:45 | Research | Hand Cart |
| 24:08 | Research | Scale Mail Armor |
| 24:20 | Build | Castle |
| 24:22 | Build | Mining Camp |
| 24:37 | Research | Fletching |
| 24:43 | Queue | Villager (Male) ×5 |
| 25:14 | Build | Castle |
| 25:32 | Queue | Villager (Male) ×5 |
| 26:13 | Build | Castle |
| 26:15 | Build | Mining Camp |
| 26:19 | Research | Chain Mail Armor |
| 26:20 | Research | Bodkin Arrow |
| 26:36 | Build | House |
| 26:52 | Queue | Villager (Male) ×5 |
| 27:00 | Build | Castle |
| 27:41 | Queue | Villager (Male) ×5 |
| 27:46 | Build | Town Center |
| 28:11 | Build | Castle |
Match timeline
| 10:23 | TacoLgando · age_up feudal |
| 10:31 | Pegasus · age_up feudal |
| 10:37 | Hattori Hanzo · age_up feudal |
| 10:43 | nikhdy · age_up feudal |
| 10:57 | VIT | Hera · age_up feudal |
| 11:08 | Lord Snow · age_up feudal |
| 11:19 | Slayer · age_up feudal |
| 11:20 | JJ23 · age_up feudal |
| 12:00 | nikhdy · first_building Barracks |
| 12:52 | Hattori Hanzo · wall_segment Palisade Wall x1 |
| 12:53 | Hattori Hanzo · wall_segment Palisade Wall x1 |
| 13:04 | nikhdy · first_building Archery Range |
| 14:31 | Slayer · first_building Barracks |
| 14:32 | nikhdy · age_up castle |
| 14:34 | VIT | Hera · age_up castle |
| 14:38 | Lord Snow · age_up castle |
| 14:44 | Hattori Hanzo · age_up castle |
| 14:53 | VIT | Hera · first_building Monastery |
| 14:55 | Slayer · age_up castle |
| 14:58 | JJ23 · age_up castle |
| 15:03 | Lord Snow · first_market_buy 100 wood |
| 15:10 | Hattori Hanzo · first_market_buy 100 food |
| 15:35 | TacoLgando · age_up castle |
| 15:38 | TacoLgando · first_building Siege Workshop |
| 16:07 | nikhdy · first_building Siege Workshop |
| 16:29 | Slayer · first_building Monastery |
| 16:33 | Pegasus · first_building Barracks |
| 16:42 | Pegasus · first_market_buy 100 food |
| 17:35 | Pegasus · first_building Stable |
| 19:23 | VIT | Hera · first_market_sell 100 wood |
| 19:24 | VIT | Hera · first_market_buy 100 stone |
| 19:42 | TacoLgando · first_building Monastery |
| 20:03 | Pegasus · age_up castle |
| 20:03 | Pegasus · first_market_sell 100 wood |
| 20:07 | TacoLgando · first_market_buy 100 stone |
| 20:29 | VIT | Hera · first_building Siege Workshop |
| 20:42 | Slayer · first_building Stable |
| 21:23 | Slayer · first_building Siege Workshop |
| 21:28 | Hattori Hanzo · first_building Monastery |
| 21:35 | TacoLgando · first_building Stable |
| 24:20 | Lord Snow · first_building Castle |
| 24:50 | Hattori Hanzo · first_building Castle |
| 25:00 | Slayer · first_market_sell 100 wood |
| 25:25 | TacoLgando · first_building Barracks |
| 26:11 | JJ23 · first_building Barracks |
| 26:19 | Hattori Hanzo · first_market_sell 100 food |
| 26:24 | Lord Snow · first_market_sell 500 wood |
| 26:27 | JJ23 · first_building Castle |
| 27:07 | Hattori Hanzo · first_building Barracks |
| 27:20 | JJ23 · first_building Stable |
| 27:44 | VIT | Hera · wall_segment Palisade Wall x1 |
| 27:56 | VIT | Hera · first_building Castle |
| 28:16 | Hattori Hanzo · first_building Stable |
| 28:23 | Lord Snow · first_building Monastery |
| 28:27 | VIT | Hera · wall_segment Stone Wall x8 |
| 28:30 | Lord Snow · first_building Siege Workshop |
| 28:31 | VIT | Hera · wall_segment Stone Wall x30 |
| 28:46 | Lord Snow · first_building Barracks |
| 28:56 | VIT | Hera · wall_segment Stone Wall x5 |
| 28:59 | VIT | Hera · age_up imperial |
| 28:59 | VIT | Hera · wall_segment Stone Wall x7 |
| 29:12 | VIT | Hera · wall_segment Stone Wall x20 |
| 29:49 | TacoLgando · first_market_sell 100 wood |
| 30:30 | Hattori Hanzo · age_up imperial |
| 30:42 | nikhdy · first_building Monastery |
| 30:48 | VIT | Hera · wall_segment Stone Wall x1 |
| 31:38 | VIT | Hera · wall_segment Stone Wall x11 |
| 31:45 | VIT | Hera · wall_segment Stone Wall x6 |
| 31:51 | VIT | Hera · wall_segment Stone Wall x14 |
| 31:53 | TacoLgando · first_building Castle |
| 32:07 | JJ23 · age_up imperial |
| 32:31 | Lord Snow · age_up imperial |
| 33:07 | TacoLgando · age_up imperial |
| 33:15 | VIT | Hera · wall_segment Stone Wall x8 |
| 33:31 | VIT | Hera · wall_segment Stone Wall x2 |
| 33:32 | VIT | Hera · wall_segment Stone Wall x1 |
| 34:22 | VIT | Hera · wall_segment Stone Wall x19 |
| 34:45 | JJ23 · first_market_sell 500 wood |
| 35:05 | VIT | Hera · wall_segment Stone Wall x20 |
| 35:06 | VIT | Hera · wall_segment Stone Wall x8 |
| 35:18 | Slayer · age_up imperial |
| 35:25 | nikhdy · age_up imperial |
| 35:32 | nikhdy · first_market_sell 100 food |
| 35:41 | Hattori Hanzo · first_building Archery Range |
| 36:26 | Hattori Hanzo · first_building Siege Workshop |
| 41:00 | Slayer · first_building Castle |
| 41:06 | Pegasus · first_building Monastery |
| 42:07 | Slayer · first_building Archery Range |
| 43:16 | Hattori Hanzo · resign |
[ AI ANALYSIS · 1 CREDIT ]
What really happened in this match?
Wolo.gg analyzes every decision: build order, eco, micro, common mistakes by bracket. Personalized analysis on WhatsApp or Discord in 30 seconds.
Civ guide
Byzantines
Perfil
Jugador #1639985